 Dungeon Crawl Stone Soup version 0.29.0-7-g18a832c13a (webtiles) character file.

Game seed: 12544275052441792286

94 gelatine the Gusty (level 4, -2/32 HPs)
             Began as a Palentonga Air Elementalist on Aug 31, 2022.
             Was a Follower of Wu Jian.
             Slain by a kobold brigand
             ... wielding a +1 short sword of protection
              (9 damage)
             ... on level 3 of the Dungeon.
             The game lasted 00:10:10 (3662 turns).

gelatine the Gusty (Palentonga Air Elementalist)    Turns: 3662, Time: 00:10:10

Health: -2/32      AC:  5    Str: 14    XL:     4   Next: 38%
Magic:  0/8        EV:  9    Int: 20    God:    Wu Jian [*.....]
Gold:   124        SH:  4    Dex: 10    Spells: 2/8 levels left

rFire   . . .      SeeInvis +   i - +0 long sword (holy)
rCold   . . .      Faith    .   (no shield)
rNeg    . . .      Spirit   .   n - +0 leather armour of the Hammering Gods {rPois Int+3}
rPois   +          Reflect  .   (no helmet)
rElec   +          Harm     .   (no cloak)
rCorr   .          Rampage  .   c - +0 pair of gloves
Will    .....                   (no barding)
Stlth   +.........              (no amulet)
HPRegen 0.10/turn               (no ring)
MPRegen 0.11/turn               (no ring)

@: no status effects
A: large, rugged brown scales 3, see invisible, deformed body, roll 1, armoured
tail, large bone plates 1, electricity resistance
a: Rolling Charge, Renounce Religion


You were on level 3 of the Dungeon.
You worshipped Wu Jian.
Wu Jian was aware of your devotion.
You visited 1 branch of the dungeon, and saw 3 of its levels.

You collected 124 gold pieces.

Inventory:

Hand Weapons
 b - a +0 whip
 i - a +0 long sword of holy wrath (weapon)
 l - a +3 vampiric dagger
Missiles
 k - 5 poisoned darts
 s - 4 boomerangs
Armour
 a - a +0 robe
 c - a +0 pair of gloves (worn)
 n - the +0 leather armour of the Hammering Gods (worn) {rPois Int+3}
   (You found it on level 2 of the Dungeon)

   Int:       It affects your intelligence (+3).
   rPois:     It protects you from poison.
Wands
 e - a wand of flame (11)
Scrolls
 f - a scroll of vulnerability
 g - 2 scrolls of butterflies
 h - 2 scrolls of magic mapping
 j - a scroll of summoning {unknown}
 m - 2 scrolls of amnesia {unknown}
 r - a scroll of enchant armour {unknown}
Potions
 d - a potion of curing
 o - a potion of might {unknown}
 p - a potion of haste
 q - a potion of flight {unknown}


   Skills:
 + Level 0.1 Fighting
 + Level 0.1 Short Blades
 + Level 0.2 Maces & Flails
 + Level 0.2 Armour
 + Level 1.9 Dodging
 + Level 1.2 Stealth
 + Level 2.7 Spellcasting
 + Level 1.8 Conjurations
 + Level 3.1 Air Magic


You had 2 spell levels left.
You knew the following spells:

 Your Spells              Type           Power      Damage    Failure   Level
a - Shock                 Conj/Air       48%        1d6       7%          1
b - Static Discharge      Conj/Air       12%        3-5/arc   10%         2
c - Swiftness             Air            15%        N/A       16%         3

Your spell library contained the following spells:

 Spells                   Type           Power      Damage    Failure   Level
 Airstrike                Air            7%         2d(2-18)  45%         4
 Dispersal                Tloc           1%         N/A       100%        6
 Disjunction              Tloc           1%         N/A       100%        8


Dungeon Overview and Level Annotations

Branches:
Dungeon (3/15)

Altars:
Ashenzari
Vehumet
Wu Jian


Innate Abilities, Weirdness & Mutations

You are completely covered in rugged brown scales. (AC +3, +7% HP)
You have supernaturally acute eyesight. (SInv)
Armour fits poorly on your strangely shaped body.
You can roll at nearby foes to attack.
You have a long armoured tail.
You are partially covered in large bone plates. (SH +4)
You are resistant to electric shocks. (rElec)


Message History

You kill the kobold!
The Council accepts your kill.
The zap misses the kobold.
The kobold brigand hits you with a +1 short sword of protection.
You hit the kobold brigand but do no damage.
The kobold brigand is moderately wounded.
The kobold brigand hits you with a +1 short sword of protection.
The kobold brigand closely misses you.
You hit the kobold brigand but do no damage.
The kobold brigand is moderately wounded.
The kobold brigand hits you with a +1 short sword of protection.
You barely miss the kobold brigand.
The kobold brigand is moderately wounded.
The kobold brigand closely misses you.
You hit the kobold brigand.
The kobold brigand is heavily wounded.
You block the kobold brigand's attack.
The kobold brigand hits you but does no damage.
Your magical contamination has completely faded away.
You hit the kobold brigand.
The kobold brigand is severely wounded.
The kobold brigand hits you with a +1 short sword of protection.
You hit the kobold brigand but do no damage.
The kobold brigand is severely wounded.
The kobold brigand hits you with a +1 short sword of protection. x2
* * * LOW HITPOINT WARNING * * *
Casting: Shock (safe; 7% risk of failure)
Confirm with . or Enter, or press ? or * to list all spells.
Aiming: Shock (safe; 7% risk of failure)
Press: ? - help, Shift-Dir - straight line, f/p - kobold brigand
Aim: a kobold brigand, wielding a +1 short sword of protection and quivering poisoned darts (severely wounded, 60% to hit)
The zap hits the kobold brigand.
The kobold brigand is severely wounded.
The zap misses the kobold.
The zap hits the kobold.
The kobold is severely wounded.
The kobold brigand hits you but does no damage.
You hit the kobold brigand but do no damage.
The kobold brigand is severely wounded.
The kobold brigand hits you with a +1 short sword of protection!
You die...

#...<............##<#
#.....[..........##.# #######
##................#... .......
#....##'#.........#.## ...... ###
#.....#.#............. ....#
#.÷.##....#.#............. ....##
..÷K÷##..##.##........♣♣.. .....#
.....$####...####.....♣♣.. .....#
)....÷KKK@......'.....♣♣.. .....#
....÷.####...######.).♣♣..
....###...÷÷##..##.####......♣♣..
....#.##...##....#.#.##......♣♣♣♣
....#..#####.....#.#.##......♣♣♣♣
....#............#'#.##..........
.....................##..........
####.#######.........##..........
.....# #.........##..........


You could see a kobold brigand and 2 kobolds.

Vanquished Creatures
  Terence (D:2)
  2 adders (D:2)
  4 bats
  6 endoplasms
  2 giant cockroaches
  3 hobgoblins (D:1)
  4 jackals
  3 quokkas
  2 ball pythons
  3 frilled lizards
  7 goblins
  11 kobolds
  4 rats (D:2)
52 creatures vanquished.

Notes
Turn   | Place    | Note
-------+----------+-------------------------------------------
     0 | D:1      | gelatine the Palentonga Air Elementalist began the quest
                  | for the Orb.
     0 | D:1      | Reached XP level 1. HP: 13/13 MP: 3/3
   517 | D:2      | Noticed Terence
   532 | D:1      | Reached XP level 2. HP: 18/20 MP: 0/5
   535 | D:1      | Reached skill level 1 in Conjurations
  1742 | D:2      | Reached XP level 3. HP: 25/25 MP: 0/6
  1899 | D:2      | Identified the +0 leather armour of the Hammering Gods
                  | {rPois Int+3}
  1970 | D:2      | Gained mutation: You are partially covered in large bone
                  | plates. (SH +4) [potion of mutation]
  1970 | D:2      | Gained mutation: You are resistant to electric shocks.
                  | (rElec) [potion of mutation]
  1989 | D:2      | Killed Terence
  1990 | D:2      | Reached skill level 3 in Air Magic
  2384 | D:2      | Reached XP level 4. HP: 32/32 MP: 2/7
  3107 | D:3      | Learned a level 2 spell: Static Discharge
  3111 | D:3      | Learned a level 3 spell: Swiftness
  3122 | D:3      | Found a broken altar of Ashenzari.
  3202 | D:3      | Found a faded altar of an unknown god.
  3240 | D:3      | Prayed at the altar of an unknown god.
  3240 | D:3      | Became a worshipper of the Wu Jian Council
  3240 | D:3      | Reached * piety under Wu Jian
  3426 | D:3      | Found a radiant altar of Vehumet.
  3643 | D:3      | Found the +7 Throatcutter {drain, coup de grace}
  3643 | D:3      | Noticed a kobold brigand
  3662 | D:3      | Slain by a kobold brigand

Illustrated notes

Levels and vault maps discovered:
D:1:      mrwooster_arrival_arrow, layout_loops_ring
D:2:      layout_basic, uniq_terence
D:3:      layout_basic, mainiacjoe_overflow_chevrons,
          ashenzari_conservatory_becter, gammafunk_temple_overflow_elements,
          shapermc_ecumenical_altar_starsandcircs,
          dilly_guarded_unrand_throatcut, uniq_crazy_yiuf_cottage

Skill      XL: |  1  2  3 |
---------------+----------+-----
Conjurations   | 1 |  1.8
Air Magic      | 3 |  3.1
Fighting       | |  0.1
Short Blades   | |  0.1
Maces & Flails | |  0.2
Armour         | |  0.2
Dodging        | |  1.9
Stealth        | |  1.2
Spellcasting   | |  2.7

Action                   |  1- 3 |  4- 6 || total
-------------------------+-------+-------++-------
Melee: Unarmed           |    16 |       ||    16
       Tailslap          |     5 |       ||     5
       Whip              |    20 |       ||    20
       Dagger            |    21 |       ||    21
       Punch             |     1 |       ||     1
       Long sword        |       |    12 ||    12
 Cast: Shock             |    77 |    28 ||   105
       Static Discharge  |       |     2 ||     2
 Abil: Rolling Charge    |     4 |     1 ||     5
  Use: Potion            |     7 |       ||     7
       Scroll            |     3 |       ||     3
Armor: Robe              |    23 |       ||    23
       Leather armour    |     3 |     4 ||     7
Dodge: Dodged            |    44 |     4 ||    48
Block: Other             |     3 |     2 ||     5
